Map: Deathaura LE

Players

zekealpha

  • Race: Terran Terran
  • Spawn Location: 11:00

VOD

Have the link to the VOD?

Description

Time

  • Played on: Feb. 16, 2021, 3:34 a.m.
  • Length: 19:29
Show
View Real Time Build Order
Export as new Build Order

zekealpha Terran 

Build Orders:  

Get SALT Encoding   

  12  0:00  SCV  
  13  0:20  Supply Depot  
  13  0:23  SCV  
  14  0:42  SCV  
  15  0:58  Barracks  
  15  0:59  SCV  
  16  1:18  Barracks, SCV  
  17  1:35  Barracks  
  17  1:38  SCV  
  18  2:24  Command Center  
  18  2:27  SCV  
  19  2:39  Marine  
  20  2:47  SCV  
  21  2:57  Marine x2  
  23  3:14  Supply Depot  
  23  3:26  Supply Depot  
  23  3:35  Supply Depot  
  23  3:44  Marine x3, SCV  
  27  4:03  Barracks  
  27  4:06  SCV  
  27  4:09  Marine, Supply Depot, SCV  
  30  4:23  Marine x2  
  30  4:25  SCV  
  33  4:34  Marine  
  34  4:44  Barracks  
  34  4:48  Marine  
  35  4:59  Barracks, Marine  
  36  5:00  Marine  
  37  5:16  Supply Depot  
  37  5:22  Marine x2  
  37  5:24  Marine  
  40  5:33  SCV  
  40  5:36  SCV  
  40  5:39  Marine  
  43  5:47  Marine x2  
  43  5:48  Supply Depot  
  43  5:49  Marine  
  46  5:56  Marine  
  47  6:04  Marine  
  47  6:07  Barracks  
  48  6:12  Marine  
  48  6:15  Marine x2  
  48  6:16  Marine  
  52  6:31  Barracks  
  52  6:33  SCV  
  52  6:35  SCV  
  52  6:37  Marine x2  
  56  6:51  Marine x4  
  60  7:01  SCV  
  60  7:02  Marine x2  
  60  7:03  SCV  
  64  7:20  Supply Depot  
  62  7:34  Marine x2  
  62  7:35  Marine  
  62  7:36  Marine  
  57  7:41  SCV  
  57  7:46  Marine x2  
  57  7:48  SCV  
  56  7:52  Supply Depot  
  55  8:08  Marine x5  
  56  8:11  Marine x2  
  55  8:24  Supply Depot  
  55  8:32  Marine  
  55  8:33  Marine x5  
  55  8:36  Marine x2  
  55  8:39  SCV  
  64  8:43  SCV  
  65  8:54  Supply Depot  
  65  8:56  SCV  
  65  8:57  Marine  
  65  8:58  Marine x5  
  72  9:01  Marine x2  
  74  9:22  Marine x2  
  74  9:23  Marine x4  
  74  9:26  Marine  
  81  9:32  Command Center  
  81  9:40  SCV  
  81  9:41  SCV  
  81  9:44  Marine  
  81  9:47  Marine x2  
  81  9:48  Marine x3  
  65  10:00  SCV  
  65  10:03  SCV  
  65  10:05  Marine x2  
  65  10:09  Marine  
  70  10:12  Marine x2  
  70  10:13  Marine x3  
  75  10:29  SCV  
  76  10:30  Marine x2  
  76  10:32  SCV  
  76  10:34  Marine  
  76  10:37  Marine x3  
  76  10:38  Marine  
  84  10:41  Supply Depot  
  84  10:55  Marine x3  
  84  10:59  Marine  
  88  11:02  Marine x3  
  88  11:03  Marine  
  91  11:11  Unknown  
  91  11:12  SCV  
  91  11:14  Supply Depot  
  76  11:20  Marine x3  
  76  11:23  Marine  
  76  11:27  Marine x3  
  77  11:35  Marine  
  78  11:45  Marine x3, Supply Depot  
  78  11:48  Marine  
  82  11:52  Marine x3  
  82  11:55  SCV  
  82  11:57  SCV  
  87  12:00  Marine  
  87  12:09  Marine  
  88  12:10  Marine x2  
  88  12:13  Marine  
  88  12:15  Supply Depot  
  88  12:16  SCV  
  88  12:17  Marine x3  
  96  12:25  Marine  
  97  12:34  Marine  
  97  12:35  Marine x2  
  97  12:38  Marine  
  93  12:42  Marine x3  
  77  12:50  Marine  
  77  12:59  Marine  
  79  13:00  Marine x2  
  79  13:03  Marine  
  79  13:06  Marine  
  79  13:07  Marine x2  
  79  13:08  SCV  
  86  13:14  SCV  
  86  13:15  Marine  
  86  13:17  SCV  
  89  13:24  Marine x2  
  89  13:25  Marine, SCV  
  89  13:28  Marine  
  89  13:29  Unknown  
  94  13:31  Marine  
  94  13:32  Marine x2  
  83  13:40  Marine  
  97  13:49  Marine x2  
  100  13:50  Marine  
  100  13:53  Marine  
  100  13:56  Marine  
  100  13:57  Marine x2  
  104  14:04  Marine  
  104  14:06  Unknown  
  82  14:14  Marine x2  
  82  14:15  Marine  
  82  14:18  Marine  
  86  14:21  Marine  
  86  14:22  Marine x2, SCV  
  86  14:24  SCV  
  86  14:29  Marine  
  92  14:39  Marine x2  
  89  14:40  Marine  
  94  14:43  Marine  
  94  14:46  Marine  
  94  14:47  Marine x2  
  99  14:53  Command Center  
  99  14:54  Marine  
  100  15:04  Marine x3  
  100  15:08  Marine  
  104  15:11  Marine  
  104  15:12  Marine x2  
  104  15:19  Marine  
  108  15:29  Marine x3  
  111  15:33  Marine  
  111  15:36  Marine  
  111  15:37  Marine x2  
  115  15:44  Marine  
  116  15:54  Marine x3  
  116  15:58  Marine  
  110  16:01  Marine x2  
  110  16:02  Marine  
  110  16:09  Marine  
  108  16:19  Marine x3  
  108  16:23  Marine  
  108  16:24  SCV  
  108  16:26  Marine x2  
  108  16:27  Marine, SCV  
  108  16:29  SCV  
  103  16:34  Marine  
  91  16:40  SCV  
  91  16:43  SCV  
  91  16:44  Marine x3  
  91  16:48  Marine  
  97  16:51  Marine x2  
  97  16:52  Marine  
  97  16:59  Marine  
  101  17:08  Barracks  
  101  17:09  Marine x3  
  104  17:13  Marine  
  104  17:16  Marine x3, Barracks  
  108  17:24  Marine  
  108  17:28  Barracks  
  109  17:34  Marine x3  
  109  17:38  Marine  
  113  17:41  Marine x3  
  113  17:49  Marine  
  117  17:59  Marine x3, Unknown  
  104  18:02  Marine  
  104  18:06  Marine x3  
  93  18:14  Marine  
  93  18:17  Marine  
  95  18:21  SCV  
  95  18:24  Marine x3, Barracks  
  95  18:27  Marine  
  100  18:31  Marine x3  
  100  18:39  Marine  
  104  18:41  Marine  
  104  18:43  Marine  
  104  18:48  Marine  
  104  18:49  Marine x2  
  109  18:52  Marine  
  109  18:56  Marine x3  
  113  19:04  Marine  
Tags
 
Add a new tag
Caveats
  • Supply blocks, unpowered buildings, or Contaminate may cause inaccurate times.
  • Supply counts are checked every 10 seconds.